 Dungeon Crawl Stone Soup version 0.29.1-15-g9cfb28693d (webtiles) character file.

Game seed: 805391137163968402

103 manyhoops the Ruffian (level 4, 0/35 HPs)
             Began as a Demigod Transmuter on Apr 4, 2023.
             Succumbed to an adder's poison
             ... on level 3 of the Dungeon.
             The game lasted 00:02:25 (3139 turns).

manyhoops the Ruffian (Demigod Transmuter)          Turns: 3139, Time: 00:02:25

Health: 0/35       AC:  2    Str: 21    XL:     4   Next: 27%
Magic:  9/9        EV: 12    Int: 15    God:
Gold:   172        SH:  0    Dex: 14    Spells: 5/6 levels left

rFire   . . .      SeeInvis .     - Unarmed
rCold   . . .      Faith    .   (no shield)
rNeg    . . .      Spirit   .   a - +0 robe
rPois   .          Reflect  .   (helmet currently unavailable)
rElec   .          Harm     .   (no cloak)
rCorr   .          Rampage  .   (no gloves)
Will    +....                   (boots currently unavailable)
Stlth   +.........              (no amulet)
HPRegen 0.11/turn               n - +6 ring of strength
MPRegen 0.11/turn               i - ring of willpower

@: mighty, lethally poisoned (0 -> -2), appendages (expiring), flying
A: horns 2, talons 2, high MP 1, forlorn, divine attributes
a: End Transformation


You were on level 3 of the Dungeon.
You had temporarily grown beastly horns and talons.
You visited 1 branch of the dungeon, and saw 3 of its levels.

You collected 172 gold pieces.

Inventory:

Armour
 a - a +0 robe (worn)
Jewellery
 g - a ring of protection from fire
 i - a ring of willpower (right hand)
 n - a +6 ring of strength (left hand)
Scrolls
 c - a scroll of summoning {unknown}
 d - a scroll of teleportation {unknown}
 h - a scroll of amnesia {unknown}
 k - a scroll of magic mapping {unknown}
 l - a scroll of noise {unknown}
 o - a scroll of fog {unknown}
 p - a scroll of identify {unknown}
Potions
 f - a potion of degeneration {unknown}
 j - a potion of resistance {unknown}
 m - a potion of berserk rage {unknown}


   Skills:
 * Level 1.5 Fighting
 - Level 1.7 Dodging
 + Level 4.6 Unarmed Combat
 - Level 1.7 Spellcasting
 - Level 1.7 Transmutations


You had 5 spell levels left.
You knew the following spells:

 Your Spells              Type           Power      Damage    Failure   Level
a - Beastly Appendage     Tmut           12%        N/A       11%         1

Your spell library contained the following spells:

 Spells                   Type           Power      Damage    Failure   Level
 Wereblood                Tmut           6%         N/A       17%         2
 Spider Form              Tmut/Pois      3%         N/A       43%         3
 Ice Form                 Ice/Tmut       3%         N/A       85%         4


Dungeon Overview and Level Annotations

Branches:
Dungeon (3/15)

Shops:
D:1 ?


Innate Abilities, Weirdness & Mutations

You have temporarily grown beastly horns and talons.
You have an increased reservoir of magic. (+10% MP)
You shall have no god before yourself.
Your divine heritage dramatically boosts your attributes as you level up.


Message History

You feel sick. The adder barely misses you.
You barely miss the adder. Your headbutt misses the adder.
You feel sick. The adder barely misses you. The adder closely misses you.
You closely miss the adder. Your kick misses the adder. You headbutt the adder.
The adder is lightly wounded.
You feel sick. The adder bites you.
You are more poisoned.
The adder poisons you!
You are too injured to fight recklessly!
You are too injured to fight recklessly!
You are too injured to fight recklessly!
You are too injured to fight recklessly!
An adder is nearby!
An adder is nearby!
You are too injured to fight recklessly!
You are too injured to fight recklessly!
You are too injured to fight recklessly!
You barely miss the adder.
The adder is lightly wounded.
You feel sick. The adder bites you.
You hit the adder. Your kick misses the adder. Your headbutt misses the adder.
The adder is heavily wounded.
You feel sick. The adder bites you.
* * * LOW HITPOINT WARNING * * *
You are too injured to fight recklessly!
You closely miss the adder. Your kick misses the adder.
The adder is heavily wounded.
You feel sick. The adder bites you.
* * * LOW HITPOINT WARNING * * *
You are too injured to fight recklessly!
It was a potion of flight.
You feel very buoyant.
You fly up into the air.
You feel sick. The adder bites you.
* * * LOW HITPOINT WARNING * * *
The adder bites you.
* * * LOW HITPOINT WARNING * * *
Unknown command.
It was a potion of might.
You feel very mighty all of a sudden.
You die...

####..##.### #..#
#.# #.#####..# #.#
#........# ##
########.#
....#.########
#..#.........
..#.####..#..######.
......S@.....##
..#.####..>...#
.........##
.......#.##
##.#####.# #. #.# #
#+#


You could see an adder.

Vanquished Creatures
  Ijyb (D:3)
  An adder (D:3)
  A worm (D:3)
  2 orcs (D:2)
  5 ball pythons
  4 bats
  8 endoplasms
  2 giant cockroaches
  4 goblins (D:1)
  12 hobgoblins
  2 quokkas
  3 frilled lizards
  6 kobolds
  2 rats (D:1)
53 creatures vanquished.

Notes
Turn   | Place    | Note
-------+----------+-------------------------------------------
     0 | D:1      | manyhoops the Demigod Transmuter began the quest for the
                  | Orb.
     0 | D:1      | Reached XP level 1. HP: 15/15 MP: 5/5
   109 | D:1      | Reached skill level 3 in Unarmed Combat
   253 | D:1      | Reached XP level 2. HP: 15/22 MP: 5/7
   386 | D:1      | Found Papiqo's Magic Scroll Shop.
   465 | D:1      | Found Moareot's Antique Armour Emporium.
   531 | D:1      | Reached skill level 1 in Fighting
  1489 | D:2      | Reached XP level 3. HP: 16/28 MP: 8/8
  1804 | D:2      | Reached skill level 4 in Unarmed Combat
  2399 | D:3      | Noticed Ijyb
  2417 | D:3      | Paralysed by Ijyb for 5 turns
  2428 | D:3      | Killed Ijyb
  2429 | D:3      | Reached XP level 4. HP: 7/35 MP: 9/9
  3138 | D:3      | HP: 1/35 [adder (1)]
  3139 | D:3      | Succumbed to an adder's poison

Illustrated notes

Levels and vault maps discovered:
D:1:      wheals_arrival_shading, layout_basic,
          ebering_ecumenical_altar_petrified, serial_shops,
          nicolae_shop_statue_plus, nicolae_shop_temple_entry_statues_fountains
D:2:      layout_rooms, basic_altar
D:3:      layout_loops_corners, mainiacjoe_overflow_alcove_3,
          ebering_ghost_disaster_area, grunt_ministairs_13, uniq_ijyb

Skill      XL: |  1  2  3 |
---------------+----------+-----
Unarmed Combat | 3 4 |  4.6
Fighting       | 1 |  1.5
Dodging        | |  1.7
Spellcasting   | |  1.7
Transmutations | |  1.7

Action                   |  1- 3 |  4- 6 || total
-------------------------+-------+-------++-------
Melee: Unarmed           |   125 |    27 ||   152
       Kick              |    13 |     7 ||    20
       Headbutt          |    13 |     7 ||    20
       Punch             |     2 |     1 ||     3
 Cast: Beastly Appendage |    25 |     5 ||    30
  Use: Potion            |     1 |     2 ||     3
 Stab: Sleeping          |     1 |       ||     1
Armor: Robe              |    18 |       ||    18
       Skin              |     3 |       ||     3
Dodge: Dodged            |    90 |    11 ||   101
